 Dungeon Crawl Stone Soup version 0.30.0-17-ge0270778cf (webtiles) character file.

Game seed: 11579242198944043122

900 SnakkuSnakku7 the Cudgeller (level 7, 0/59 HPs)
             Began as an Armataur Artificer on May 21, 2023.
             Slain by a gnoll
             ... wielding a +0 club
             ... led by a gnoll sergeant
              (3 damage)
             ... on level 5 of the Dungeon.
             The game lasted 00:05:35 (3618 turns).

SnakkuSnakku7 the Cudgeller (Armataur Artificer)    Turns: 3618, Time: 00:05:35

Health: 0/59       AC:  7    Str: 20      XL:     7   Next: 79%
Magic:  16/16      EV:  7    Int: 11      God:
Gold:   205        SH:  4    Dex:  7 (10) Spells: 6/6 levels left

rFire   + . .        a - +0 flail (heavy)
rCold   + . .        r - +0 buckler
rNeg    . . .        p - +0 scale mail
rPois   .            y - +0 helmet
rElec   .            s - scarf {rC+ rF+}
rCorr   .            (no gloves)
SInv    .            (no barding)
Will    .....        (no amulet) Stlth
                     t - ring of magical power
HPRegen 0.29/turn    (no ring)
MPRegen 0.15/turn

%: roll
@: brilliant
A: large, rugged brown scales 3, deformed body, armoured tail, roll, long
tongue, awkward tongue
a: no special abilities


You were on level 5 of the Dungeon.
You visited 1 branch of the dungeon, and saw 5 of its levels.

You collected 205 gold pieces.

Inventory:

Hand Weapons
 a - a +0 heavy flail (weapon)
 k - a +0 club
 w - a +0 flail
Armour
 b - a +0 leather armour
 p - a +0 scale mail (worn)
 r - a +0 buckler (worn)
 s - a scarf of resistance (worn)
 y - a +0 helmet (worn)
Jewellery
 q - a ring of ice
 t - a ring of magical power (left hand)
Wands
 c - a wand of flame (4) (quivered)
 d - a wand of charming (9)
 e - a wand of iceblast (5)
 z - a wand of mindburst (22)
Scrolls
 g - 3 scrolls of identify {unknown}
 h - a scroll of brand weapon {unknown}
 i - a scroll of silence {unknown}
 l - a scroll of teleportation {unknown}
 m - a scroll of immolation {unknown}
 u - 2 scrolls of magic mapping {unknown}
 B - a scroll of enchant armour {unknown}
Potions
 f - a potion of curing {unknown}
 j - 2 potions of brilliance
 n - a potion of degeneration {unknown}
 o - 2 potions of flight {unknown}
 v - a potion of cancellation {unknown}
 x - 2 potions of ambrosia {unknown}
 A - a potion of haste {unknown}


   Skills:
 - Level 2.9 Fighting
 + Level 7.0 Maces & Flails
 - Level 2.4 Armour
 - Level 0.6 Dodging
 - Level 1.1 Stealth
 - Level 3.0 Shields
 - Level 3.0 Evocations


You had 6 spell levels left.
You didn't know any spells.
Your spell library contained the following spells:

 Spells                   Type           Power      Damage    Failure   Level
 Blink                    Tloc           0%         N/A       88%         2
 Manifold Assault         Tloc           0%         N/A       100%        4
 Storm Form               Tmut/Air       0%         N/A       100%        7


Dungeon Overview and Level Annotations

Branches:
Dungeon (5/15)
 Temple: D:4-7

Altars:
Uskayaw

Annotations:
D:3 3 runed translucent doors, hexenhour's ghost, amateur MiFi; jfcaron's ghost, amateur GnBr


Innate Abilities, Weirdness & Mutations

You are completely covered in rugged brown scales. (AC +3, +7% HP)
Armour fits poorly on your strangely shaped body.
You have a long armoured tail.
You roll when moving toward enemies. (Rampage)
Your long tongue fully drains potion bottles. (2x potion effects)
Your tongue gives you trouble enunciating. (1.5x scroll delay)


Message History

Your centaur hits the gnoll sergeant but does no damage.
Your centaur kicks the gnoll sergeant but does no damage.
Your centaur hits something.
Your centaur kicks something but does no damage.
Something hits your centaur.
Your centaur hits something.
Your centaur completely misses something.
You feel a bit more experienced.
You feel your dexterity returning.
A gnoll comes into view. It is wielding a +0 club.
The gnoll shouts!
The gnoll attacks as you move away! The gnoll closely misses you.
The gnoll attacks as you move away! The gnoll barely misses you.
The gnoll attacks as you move away! The gnoll hits you with a +0 club.
* * * LOW HITPOINT WARNING * * *
You barely miss the gnoll.
Your tail-slap misses the gnoll.
The gnoll hits you with a +0 club.
* * * LOW HITPOINT WARNING * * *
The gnoll hits you with a +0 club.
* * * LOW HITPOINT WARNING * * *
You barely miss the gnoll. The gnoll hits you but does no damage.
You barely miss the gnoll. The gnoll hits you but does no damage.
You block the gnoll's attack.
You bludgeon the gnoll!!
You kill the gnoll!
The gnoll hits you with a +0 club.
* * * LOW HITPOINT WARNING * * *
Your Maces & Flails skill increases to level 7!
You closely miss the gnoll. The gnoll closely misses you.
You barely miss the gnoll.
Your tail-slap misses the gnoll.
The gnoll closely misses you. The gnoll hits you with a +0 club.
* * * LOW HITPOINT WARNING * * *
You closely miss the gnoll. The gnoll barely misses you.
The gnoll hits you with a +0 club.
* * * LOW HITPOINT WARNING * * *
You completely miss the gnoll. You block the gnoll's attack.
It was a potion of brilliance.
You feel clever all of a sudden.
You slurp down every last drop of the potion of brilliance!
The gnoll hits you with a +0 club.
You die...

####...#....## ##
##.##.........## ##.
#...†..........## ##.. ####
##..#>..........# #...
#..###..........#....# #...
##....#.....##...##...####..[
####.........#..#.........#...#.
#........#...#...##......##..##.
#........##..##@######....#..###
##..##....##..##g# #..........#..
#..###.#...#..#..###.###.........
#....###.###.#....##..##...##....
.....#..... .##........g..##.....
.........#. #..##...............
.......###.................#..#..
.##..### ###............#####..
..#...## #.............# #...


You could see a gnoll.

Vanquished Creatures
  A black bear (D:4)
  A phantom (D:4)
  A howler monkey (D:4)
  3 hounds (D:5)
  2 quasits (D:4)
  A jelly (D:5)
  3 iguanas
  8 gnolls
  5 adders
  A shadow imp (D:4)
  2 white imps
  7 ufetubi (D:4)
  A worm (D:2)
  6 dart slugs
  3 orcs
  7 bats
  3 endoplasms
  3 giant cockroaches
  10 goblins
  6 hobgoblins
  6 jackals
  3 quokkas
  7 ball pythons
  8 frilled lizards
  5 kobolds
  A rat (D:2)
104 creatures vanquished.

Vanquished Creatures (collateral kills)
  An ogre (D:4)
  An orc priest (D:4)
  A shadow imp (D:4)
3 creatures vanquished.

Vanquished Creatures (others)
  A centaur (D:5)
  A quasit (D:4)
  A gnoll (D:5)
3 creatures vanquished.

Grand Total: 110 creatures vanquished

Notes
Turn   | Place    | Note
-------+----------+-------------------------------------------
     0 | D:1      | SnakkuSnakku7 the Armataur Artificer began the quest for
                  | the Orb.
     0 | D:1      | Reached XP level 1. HP: 16/16 MP: 1/1
    69 | D:1      | Reached skill level 1 in Fighting
   176 | D:1      | Found a faded altar of an unknown god.
   196 | D:1      | Reached XP level 2. HP: 13/25 MP: 2/2
   836 | D:2      | Reached XP level 3. HP: 9/32 MP: 3/3
   906 | D:2      | Reached skill level 1 in Maces & Flails
  1152 | D:2      | HP: 1/32 [poisoned by an adder]
  1155 | D:2      | Reached skill level 1 in Shields
  1155 | D:2      | Reached XP level 4. HP: 36/39 MP: 4/4
  1523 | D:2      | Found a hide-covered altar of Uskayaw.
  1710 | D:2      | Reached skill level 2 in Maces & Flails
  1825 | D:3      | Reached XP level 5. HP: 23/47 MP: 5/5
  2112 | D:3      | Found a runed translucent gate.
  2113 | D:3      | Found a runed translucent gate.
  2114 | D:3      | Found a runed translucent gate.
  2115 | D:3      | Noticed hexenhour's ghost (amateur MiFi)
  2116 | D:3      | Noticed jfcaron's ghost (amateur GnBr)
  2481 | D:4      | Reached skill level 3 in Maces & Flails
  2522 | D:4      | Reached XP level 6. HP: 11/53 MP: 6/6
  2649 | D:4      | Reached skill level 4 in Maces & Flails
  2872 | D:4      | Reached skill level 5 in Maces & Flails
  3109 | D:4      | Reached XP level 7. HP: 35/59 MP: 7/7
  3252 | D:5      | Entered Level 5 of the Dungeon
  3265 | D:4      | Reached skill level 6 in Maces & Flails
  3614 | D:5      | Reached skill level 7 in Maces & Flails
  3616 | D:5      | HP: 2/59 [gnoll/+0 club[a gnoll sergeant] (6)]
  3618 | D:5      | Slain by a gnoll

Illustrated notes

Levels and vault maps discovered:
D:1:      nzn_arrival_settlement, layout_basic, basic_ecumenical_altar,
          st_stairs_13, minmay_bisected
D:2:      layout_loops_ring, basic_altar, minmay_fractal_squares_5
D:3:      layout_loops_cross, gammafunk_ghost_cemetery
D:4:      layout_basic, serial_demonic, serial_demonic_b, serial_demonic_b,
          serial_demonic_a, serial_demonic_f, serial_demonic_a,
          serial_demonic_e, serial_demonic_g, serial_demonic_g,
          serial_demonic_b, serial_demonic_a
D:5:      layout_cave_pools, minmay_temple_entry_gardened_gates,
          supply_closet_lemuel

Skill      XL: |  1  2  3  4  5  6  7 |
---------------+----------------------+-----
Fighting       | 1 2 |  2.9
Maces & Flails | 1 2 3 5 7 |  7.0
Shields        | 1 2 3 |  3.0
Armour         | |  2.4
Dodging        | |  0.6
Stealth        | |  1.1
Evocations     | |  3.0

Action                     |  1- 3 |  4- 6 |  7- 9 || total
---------------------------+-------+-------+-------++-------
  Melee: Club              |    36 |       |       ||    36
         Tailslap          |    16 |     7 |     8 ||    31
         Flail             |    90 |   170 |    60 ||   320
  Evoke: Wand              |     8 |     8 |     1 ||    17
    Use: Potion            |     1 |       |     1 ||     2
   Stab: Sleeping          |     1 |       |       ||     1
 Armour: Leather armour    |    77 |     7 |       ||    84
         Scale mail        |       |   196 |    62 ||   258
  Dodge: Dodged            |    64 |   156 |    48 ||   268
  Block: Buckler           |     5 |    65 |    12 ||    82
